 Dungeon Crawl Stone Soup version 0.28.0-53-g5a82cb258f (webtiles) character file.

Game seed: 4371837677080305868

52381 jjjjhere the Brawler (level 14, 0/128 HPs)
             Began as a Troll Transmuter on Aug 5, 2022.
             Was the Champion of Hepliaklqana.
             Slain by an eight-headed hydra (5 damage)
             ... on level 6 of the Lair of Beasts.
             The game lasted 00:30:43 (16669 turns).

jjjjhere the Brawler (Troll Transmuter)            Turns: 16669, Time: 00:30:44

Health: 0/128      AC: 18    Str: 25    XL:     14   Next: 26%
Magic:  17/17      EV:  6    Int:  9    God:    Hepliaklqana [******]
Gold:   1183       SH:  0    Dex: 10    Spells: 12/15 levels left

rFire   . . .      SeeInvis .     - Unarmed
rCold   . . .      Faith    .   (no shield)
rNeg    . . .      Spirit   .   b - +1 storm dragon scales
rPois   .          Reflect  .   y - +1 hat {Stlth+}
rElec   +          Harm     .   t - +0 cloak
rCorr   .          Rampage  .   (gloves unavailable)
Will    ++...                   (boots unavailable)
Stlth   ..........              F - amulet of the acrobat
HPRegen 1.11/turn               k - ring of flight
MPRegen 0.15/turn               o - ring of willpower

@: flying
A: reduced essence, large, unfitting armour, claws 3, regeneration 1, shaggy fur
1, tough skin 1
a: Renounce Religion, Recall Ancestor, Ancestor Identity, Transference, Idealise


You were on level 6 of the Lair of Beasts.
You worshipped Hepliaklqana.
Hepliaklqana was exalted by your worship.
You visited 2 branches of the dungeon, and saw 17 of its levels.
You also visited: Sewer.

You collected 1183 gold pieces.

Inventory:

Missiles
 d - 6 atropa-tipped darts
 e - 4 boomerangs of dispersal
 m - 6 javelins (quivered)
 H - 12 poisoned darts
Armour
 b - +1 storm dragon scales (worn)
 j - a +2 robe of willpower
 t - a +0 cloak (worn)
 y - a +1 hat of stealth (worn)
Jewellery
 k - a ring of flight (left claw)
 n - a ring of willpower
 o - a ring of willpower (right claw)
 u - a ring of protection from cold
 z - a ring of poison resistance
 D - a ring of wizardry
 F - an amulet of the acrobat (around neck)
 J - an amulet of magic regeneration
Wands
 q - a wand of flame (21)
 r - a wand of paralysis (7)
 B - a wand of charming (5)
 I - a wand of digging (9)
 K - a wand of iceblast (7)
Scrolls
 a - a scroll of enchant armour
 f - 4 scrolls of fear
 g - 10 scrolls of teleportation
 p - 3 scrolls of blinking
 x - 3 scrolls of fog
Potions
 c - 7 potions of curing
 h - 3 potions of might
 i - 7 potions of brilliance
 l - 3 potions of haste
 s - a potion of cancellation
 w - 2 potions of ambrosia
 A - a potion of berserk rage
 C - 2 potions of invisibility
 E - 5 potions of heal wounds
 G - a potion of mutation
 N - a potion of attraction
Miscellaneous
 v - a box of beasts
 L - a piece from Xom's chessboard (15/15)
 M - a condenser vane


   Skills:
 - Level 10.0 Fighting
 - Level 9.0 Throwing
 + Level 6.3 Armour
 - Level 1.5 Dodging
 - Level 16.0 Unarmed Combat
 - Level 1.2 Spellcasting
 - Level 1.8 Transmutations
 - Level 6.4 Invocations
 + Level 5.8 Evocations


You had 12 spell levels left.
You knew the following spells:

 Your Spells              Type           Power      Damage    Failure   Level
a - Beastly Appendage     Tmut           6%         N/A       69%         1
b - Wereblood             Tmut           3%         N/A       83%         2

Your spell library contained the following spells:

 Spells                   Type           Power      Damage    Failure   Level
 Apportation              Tloc           0%         N/A       91%         1
 Passwall                 Tmut/Erth      1%         N/A       92%         2
 Ensorcelled Hibernation  Hex/Ice        0%         N/A       97%         2
 Spider Form              Tmut/Pois      2%         N/A       99%         3
 Dazzling Flash           Conj/Hex       0%         N/A       100%        3
 Portal Projectile        Hex/Tloc       0%         N/A       100%        3
 Swiftness                Air            0%         N/A       100%        3
 Ice Form                 Ice/Tmut       2%         N/A       100%        4
 Agony                    Necr           0%         N/A       100%        5
 Alistair's Intoxication  Tmut/Pois      1%         N/A       100%        5
 Blade Hands              Tmut           1%         N/A       100%        5
 Excruciating Wounds      Necr           0%         N/A       100%        5
 Freezing Cloud           Conj/Ice/Air   0%         6-21      100%        5
 Irradiate                Conj/Tmut      1%         3d14      100%        5
 Silence                  Hex/Air        0%         N/A       100%        5
 Simulacrum               Ice/Necr       0%         N/A       100%        6
 Dragon Form              Tmut           1%         N/A       100%        7
 Polar Vortex             Ice            0%         N/A       100%        9


Dungeon Overview and Level Annotations

Branches:
Dungeon (11/15)            Temple (0/1) D:7            Lair (6/6) D:8
  Swamp (0/4) Lair:3        Snake (0/4) Lair:3        Slime (0/5) Lair:5
  Sewer (visited)
    Orc: D:9-12

Altars:
Cheibriados
Dithmenos
Elyvilon
Fedhas
Hepliaklqana
Makhleb
Trog
Uskayaw
Vehumet
Xom
Yredelemnul
Zin
The Shining One
Beogh
Jiyva

Annotations:
Lair:1 1 runed translucent door, COBRA's ghost, journeyman HOFi
Lair:2 exclusion: 2 oklob plants
Lair:6 exclusion: oklob plant


Innate Abilities, Weirdness & Mutations

Your life essence is reduced to manifest your ancestor. (-10% HP)
You are too large for most types of armour.
You have claws for hands.
Your natural rate of healing is unusually fast.
You are covered in fur. (AC +1)
You have tough skin. (AC +1)


Message History

The eight-headed hydra is almost dead.
The eight-headed hydra bites you but does no damage.
The eight-headed hydra barely misses you.
The eight-headed hydra bites you.
The eight-headed hydra bites you but does no damage. x2
The eight-headed hydra barely misses you.
The eight-headed hydra bites you.
The eight-headed hydra bites you but does no damage. x3
The eight-headed hydra bites you. x3
The eight-headed hydra bites you but does no damage. x2
The eight-headed hydra bites you!
Throw: 8 javelins
Press: ? - help, Q - select action, (/) - cycle Shift-Dir - straight line, f/p - eight-headed hydra
Aim: an eight-headed hydra (almost dead, 82% to hit)
You throw a javelin.
The javelin barely misses the eight-headed hydra.
The eight-headed hydra bites you!
The eight-headed hydra bites you but does no damage.
The eight-headed hydra bites you.
The eight-headed hydra closely misses you.
The eight-headed hydra bites you. The eight-headed hydra bites you! x3
* * * LOW HITPOINT WARNING * * *
Throw: 7 javelins
Press: ? - help, Q - select action, (/) - cycle Shift-Dir - straight line, f/p - eight-headed hydra
Aim: an eight-headed hydra (almost dead, 82% to hit)
You throw a javelin.
The javelin pierces through the eight-headed hydra!
The eight-headed hydra is almost dead.
The eight-headed hydra bites you but does no damage.
The eight-headed hydra bites you!
* * * LOW HITPOINT WARNING * * *
The eight-headed hydra bites you!
* * * LOW HITPOINT WARNING * * *
The eight-headed hydra bites you!
* * * LOW HITPOINT WARNING * * *
The eight-headed hydra bites you.
* * * LOW HITPOINT WARNING * * *
The eight-headed hydra bites you but does no damage.
The eight-headed hydra bites you.
You die...

..................♣..............
.................................
.................................
..............<....÷.............
.................................
.................................
.................................
.................................
.........(.....D@................
.♣♣..............................
♣♣ ♣♣♣♣.......♣♣..♣♣....♣...♣♣...
♣♣....♣♣♣♣♣♣♣♣♣(..♣♣♣♣♣♣♣♣.
♣♣♣.♣♣ ♣♣♣♣♣ ♣♣ ♣♣.♣ ♣♣ ♣♣.♣ l♣♣♣
♣♣.†♣♣ ♣D.♣♣♣♣♣♣....♣♣


You could see an eight-headed hydra.

Vanquished Creatures
  2 catoblepae (Lair:6)
  4 hydras
  3 two-headed ogres (D:10)
  3 death yaks (Lair:5)
  A cyclops (D:9)
  2 ugly things
  12 elephants
  2 black mambas
  2 torpor snails
  Maggie (D:9)
  5 rime drakes
  9 cane toads
  A kobold demonologist (D:11)
  4 komodo dragons
  3 polar bears
  The ghost of turdburglar the Chopper, a novice VSFi of Okawaru (D:6)
  A troll (D:11)
  3 blink frogs (Lair:2)
  5 dream sheep (Lair:4)
  A spriggan (D:10)
  2 shadows
  Sigmund (D:3)
  2 wyverns
  2 basilisks
  27 yaks
  2 swamp worms (Lair:3)
  3 nagas (Lair:3)
  7 water moccasins
  9 orc warriors
  2 black bears
  An ice beast (D:6)
  2 sky beasts
  2 necrophages
  28 wolves
  6 centaurs
  3 ogres
  4 kobold brigands
  13 bullfrogs
  A wyvern zombie (D:6)
  4 scorpions
  A battlemage (Lair:5)
  4 killer bees
  4 wights (D:7)
  A howler monkey (D:8)
  2 bullfrog zombies (D:6)
  3 centaur zombies
  8 orc priests
  A bullfrog skeleton (D:6)
  3 hounds
  3 jellies
  4 iguanas
  Natasha (twice) (D:3)
  11 orc wizards
  A hound zombie (D:5)
  A hound skeleton (D:4)
  4 gnolls (D:5)
  6 river rats
  13 adders
  3 white imps
  An ufetubus (D:5)
  4 worms (D:6)
  3 dart slugs
  56 orcs
  16 ball pythons
  3 endoplasms
  5 giant cockroaches
  7 goblins
  8 hobgoblins
  4 jackals (D:1)
  3 quokkas
  5 bats
  4 frilled lizards
  11 kobolds
  33 rats
424 creatures vanquished.

Vanquished Creatures (collateral kills)
  6 hydras
  4 death yaks (Lair:5)
  Maurice (D:11)
  5 elephants
  A black mamba (Lair:6)
  A centaur zombie (D:10)
  4 cane toads
  4 komodo dragons
  2 rime drakes
  2 polar bears (Lair:5)
  4 blink frogs (Lair:2)
  A meliai zombie (D:11)
  12 yaks
  A spriggan (Lair:5)
  A basilisk (Lair:6)
  A wyvern (Lair:2)
  A steam dragon (D:9)
  A water moccasin (Lair:2)
  3 orc warriors
  16 wolves
  A centaur (D:9)
  4 bullfrogs
  An orc priest (D:6)
  8 orcs
  4 kobolds
89 creatures vanquished.

Vanquished Creatures (others)
  17 battlemagi
  3 ancestors (D:7)
  An orc (D:9)
  31 fungi
  32 plants
84 creatures vanquished.

Grand Total: 597 creatures vanquished

Notes
Turn   | Place    | Note
-------+----------+-------------------------------------------
     0 | D:1      | jjjjhere the Troll Transmuter began the quest for the Orb.
     0 | D:1      | Reached XP level 1. HP: 18/18 MP: 1/1
    49 | D:1      | Reached skill level 1 in Fighting
   137 | D:1      | Reached XP level 2. HP: 27/27 MP: 0/2
   765 | D:1      | Reached XP level 3. HP: 33/33 MP: 3/3
   922 | D:1      | Reached skill level 4 in Unarmed Combat
  1247 | D:2      | Found a faded altar of an unknown god.
  1272 | D:2      | Prayed at the altar of an unknown god.
  1272 | D:2      | Became a worshipper of Vehumet
  1272 | D:2      | Reached * piety under Vehumet
  1272 | D:2      | Offered knowledge of Sandblast by Vehumet.
  1273 | D:2      | Fell from the grace of Vehumet
  1394 | D:3      | Learned a level 2 spell: Wereblood
  1455 | D:3      | Reached XP level 4. HP: 40/42 MP: 4/4
  1610 | D:3      | Noticed Sigmund
  1625 | D:3      | HP: 11/42 [Sigmund/+0 scythe (11)]
  1626 | D:3      | Killed Sigmund
  1627 | D:3      | Reached skill level 5 in Unarmed Combat
  1627 | D:3      | Reached XP level 5. HP: 14/50 MP: 5/5
  1858 | D:3      | Noticed Natasha
  1861 | D:3      | Killed Natasha
  2067 | D:3      | Noticed Natasha
  2075 | D:3      | Killed Natasha
  2076 | D:3      | Reached XP level 6. HP: 54/59 MP: 6/6
  2400 | D:4      | Found a white marble altar of Elyvilon.
  2525 | D:4      | Reached skill level 6 in Unarmed Combat
  2941 | D:4      | Reached XP level 7. HP: 67/67 MP: 7/7
  3261 | D:5      | Entered Level 5 of the Dungeon
  3314 | D:5      | Reached skill level 7 in Unarmed Combat
  3386 | D:5      | Found a hazy altar of Hepliaklqana.
  3608 | D:5      | Became a worshipper of Hepliaklqana the Forgotten
  3719 | D:5      | Reached skill level 1 in Armour
  3732 | D:5      | Reached skill level 8 in Unarmed Combat
  3732 | D:5      | Reached XP level 8. HP: 56/78 MP: 8/8
  4345 | D:6      | Reached skill level 9 in Unarmed Combat
  4706 | D:6      | Found a glowing drain.
  4717 | Sewer    | Entered a sewer
  4743 | Sewer    | Reached XP level 9. HP: 75/84 MP: 9/9
  4750 | Sewer    | Reached skill level 10 in Unarmed Combat
  5301 | D:6      | Found a burning altar of Makhleb.
  5304 | D:6      | Reached * piety under Hepliaklqana
  5305 | D:6      | Found a runed translucent gate.
  5307 | D:6      | Found a runed translucent gate.
  5307 | D:6      | Found a runed translucent gate.
  5308 | D:6      | Noticed turdburglar's ghost (novice VSFi)
  5479 | D:6      | Found a basalt altar of Yredelemnul.
  5692 | D:7      | Found a staircase to the Ecumenical Temple.
  5845 | D:7      | Found a shadowy altar of Dithmenos.
  5862 | D:7      | Reached skill level 11 in Unarmed Combat
  6070 | D:8      | HP: 24/75 [poisoned by a killer bee]
  6075 | D:8      | HP: 20/75 [poisoned by a killer bee]
  6134 | D:7      | Was forgiven by Vehumet
  6145 | D:8      | Reached skill level 5 in Armour
  6274 | D:8      | HP: 23/75 [orc warrior/+0 halberd (4)]
  6281 | D:8      | HP: 22/75 [orc warrior/+0 halberd (5)]
  6733 | D:8      | Reached skill level 12 in Unarmed Combat
  6751 | D:8      | Reached XP level 10. HP: 79/82 MP: 10/10
  6944 | D:8      | Found a staircase to the Lair.
  6947 | D:8      | Reached ** piety under Hepliaklqana
  6948 | D:8      | Remembered your ancestor Msizi as a battlemage
  7278 | D:9      | Noticed a white ugly thing
  7286 | D:9      | Killed a white ugly thing
  7350 | D:9      | Noticed a cyclops
  7438 | Lair:1   | Entered Level 1 of the Lair of Beasts
  7438 | Lair:1   | Noticed a black mamba
  7451 | Lair:1   | HP: 27/82 [poisoned by a black mamba]
  7456 | Lair:1   | Killed a black mamba
  7457 | Lair:1   | Reached skill level 13 in Unarmed Combat
  7708 | Lair:1   | Reached skill level 5 in Fighting
  7777 | Lair:1   | Found a runed translucent door.
  7779 | Lair:1   | Found a shimmering altar of Xom.
  7779 | Lair:1   | Noticed COBRA's ghost (journeyman HOFi)
  7779 | Lair:1   | Noticed a +1 rapier of chaos
  8218 | Lair:1   | Noticed a cane toad
  8224 | Lair:1   | Killed a cane toad
  8230 | Lair:1   | Reached skill level 14 in Unarmed Combat
  8230 | Lair:1   | Reached XP level 11. HP: 76/93 MP: 11/11
  8568 | Lair:2   | Reached *** piety under Hepliaklqana
  8623 | Lair:2   | Noticed a seven-headed hydra
  8700 | Lair:2   | Reached skill level 1 in Invocations
  8863 | D:6      | Killed turdburglar's ghost
  9249 | D:9      | Found a glowing golden altar of the Shining One.
  9251 | D:9      | Found a hide-covered altar of Uskayaw.
  9253 | D:9      | Found a snail-covered altar of Cheibriados.
  9256 | D:9      | Noticed Maggie
  9263 | D:9      | Killed Maggie
  9561 | D:9      | Found a glowing silver altar of Zin.
  9837 | D:10     | Entered Level 10 of the Dungeon
  9850 | D:10     | Reached **** piety under Hepliaklqana
  9891 | D:10     | Found a bloodstained altar of Trog.
  9993 | D:10     | Found a radiant altar of Vehumet.
 10015 | D:10     | Noticed a two-headed ogre
 10022 | D:10     | Noticed a two-headed ogre
 10026 | D:10     | Killed a two-headed ogre
 10031 | D:10     | Killed a two-headed ogre
 10032 | D:10     | Reached skill level 15 in Unarmed Combat
 10217 | D:10     | Reached skill level 1 in Throwing
 10629 | D:10     | Noticed a two-headed ogre
 10635 | D:10     | Killed a two-headed ogre
 10834 | D:11     | Noticed a brown ugly thing
 10840 | D:11     | Killed a brown ugly thing
 11010 | D:11     | Noticed Maurice
 11020 | D:11     | Killed Maurice
 11391 | D:11     | Reached skill level 5 in Invocations
 11391 | D:11     | Reached XP level 12. HP: 100/103 MP: 14/14
 11693 | Lair:2   | Killed a seven-headed hydra
 11810 | Lair:2   | Reached ***** piety under Hepliaklqana
 12085 | Lair:2   | Noticed a six-headed hydra
 12472 | Lair:2   | Killed a six-headed hydra
 12665 | Lair:3   | Noticed a seven-headed hydra
 12671 | Lair:3   | Killed a seven-headed hydra
 12723 | Lair:3   | Found a staircase to the Snake Pit.
 12753 | Lair:3   | Reached skill level 5 in Throwing
 12928 | Lair:3   | Found a blossoming altar of Fedhas.
 12981 | Lair:3   | Noticed an eight-headed hydra
 12997 | Lair:3   | Killed an eight-headed hydra
 13189 | Lair:3   | Noticed a four-headed hydra
 13250 | Lair:3   | Killed a four-headed hydra
 13351 | Lair:3   | Noticed a six-headed hydra
 13351 | Lair:3   | Noticed an eight-headed hydra
 13410 | Lair:2   | Killed a six-headed hydra
 13649 | Lair:3   | Found a staircase to the Swamp.
 13828 | Lair:4   | Noticed a five-headed hydra
 13834 | Lair:4   | Killed a five-headed hydra
 13945 | Lair:4   | Reached XP level 13. HP: 113/115 MP: 16/16
 14716 | Lair:5   | Reached skill level 1 in Evocations
 15010 | Lair:5   | Found a staircase to the Slime Pits.
 15015 | Lair:5   | Found a viscous altar of Jiyva.
 15712 | Lair:6   | Entered Level 6 of the Lair of Beasts
 15722 | Lair:5   | Reached skill level 10 in Fighting
 16043 | Lair:5   | Reached XP level 14. HP: 92/128 MP: 17/17
 16105 | Lair:6   | Reached skill level 5 in Evocations
 16301 | Lair:6   | Reached ****** piety under Hepliaklqana
 16360 | Lair:6   | Reached skill level 16 in Unarmed Combat
 16668 | Lair:6   | HP: 35/128 [eight-headed hydra (9)]
 16669 | Lair:6   | HP: 15/128 [eight-headed hydra (8)]
 16669 | Lair:6   | HP: 6/128 [eight-headed hydra (9)]
 16669 | Lair:6   | Slain by an eight-headed hydra

Illustrated notes

Levels and vault maps discovered:
D:1:      saegor_arrival_simple_b, layout_loops_corners
D:2:      layout_rooms, hellmonk_ecumenical_altar_defaced_shrine
D:3:      layout_basic, minivault_26, uniq_natasha, uniq_sigmund
D:4:      layout_gridville, mainiacjoe_overflow_cross_hatched
D:5:      layout_basic, mainiacjoe_overflow_alcove_4
D:6:      layout_loops_ring, kennysheep_mini_moat, mainiacjoe_overflow_brackets,
          biasface_ghost_orc_armoury, lightli_sewer_entry_pipes,
          amcnicky_mini_rare_corridor_liquid
D:7:      layout_basic, nicolae_dithmenos_through_a_glass_darkly,
          minmay_temple_entry_ruins
D:8:      layout_basic, david_lair_shrubbed, special_room [special_room_orc]
D:9:      layout_stronghold, mainiacjoe_overflow_tiny_flanked,
          grunt_temple_overflow_open, uniq_maggie
D:10:     layout_roguey, nicolae_overflow_hidden_temple, lemuel_doored_altar,
          vehumet_altar_wand_db, serial_corexii_hall, corexii_hall_statues_x,
          corexii_hall_statues_t, corexii_hall_statues_x,
          corexii_hall_statues_l, corexii_hall_statues_x,
          chequers_hall_statues_y, the_hattery
D:11:     layout_basic, uniq_maurice
Lair:1:   layout_regular_city, ebering_ghost_xom, serial_forest,
          infiniplex_forest_end_3, infiniplex_forest_lined_room_,
          infiniplex_forest_straight_5, infiniplex_forest_lined_1,
          infiniplex_forest_corner_1, infiniplex_forest_lined_3_way,
          minivault_19
Lair:2:   minmay_lair_oklob_chamber, layout_regular_city,
          infiniplex_staircase_pool_2
Lair:3:   layout_regular_city, palyth_hydra_swamp_entry,
          minmay_snake_entry_guardpost_small, basic_altar
Lair:4:   layout_loops_ring, grunt_megastairs_4, lemuel_fruit_fields
Lair:5:   beast_lair_carwin_large_3, layout_small_grid, slime_altar_1,
          wad_woods_03, infiniplex_staircase_pool, lemuel_fruit_tree
Lair:6:   evil_forest, layout_regular_city, grunt_forest_large_clearings

Skill      XL: |  1  2  3  4  5  6  7  8  9 10 11 12 13 14 |
---------------+-------------------------------------------+-----
Fighting       | 1 2 3 4 5 6 8 10 | 10.0
Unarmed Combat | 4 5 6 8 9 12 14 15 16 | 16.0
Armour         | 1 3 5 6 |  6.3
Invocations    | 5 6 |  6.4
Throwing       | 3 7 9 |  9.0
Evocations     | 4 5 |  5.8
Dodging        | |  1.5
Spellcasting   | |  1.2
Transmutations | |  1.8

Action                   |  1- 3 |  4- 6 |  7- 9 | 10-12 | 13-15 || total
-------------------------+-------+-------+-------+-------+-------++-------
Melee: Unarmed           |   132 |    78 |   401 |   340 |   315 ||  1266
       Kick              |     2 |       |       |       |       ||     2
       Punch             |     1 |     4 |    14 |    25 |    32 ||    76
Throw: Dart              |       |       |     6 |       |       ||     6
       Javelin           |       |       |       |    20 |    13 ||    33
 Cast: Beastly Appendage |     2 |       |       |       |       ||     2
Invok: Renounce Religion |     1 |       |       |       |       ||     1
       Recall Ancestor   |       |       |     4 |     3 |     1 ||     8
       Ancestor Life: Ba |       |       |       |     1 |       ||     1
       Idealise          |       |       |       |     1 |     1 ||     2
Evoke: Box of beasts     |       |       |       |     1 |       ||     1
       Condenser vane    |       |       |       |       |     1 ||     1
  Use: Scroll            |       |       |    11 |     7 |     4 ||    22
       Potion            |       |       |       |     2 |       ||     2
 Stab: Sleeping          |     1 |       |       |       |       ||     1
       Distracted        |       |       |       |     2 |     5 ||     7
       Confused          |       |       |       |       |     4 ||     4
Armor: Robe              |    83 |    17 |     5 |       |       ||   105
       Storm dragon scal |       |       |   263 |   239 |   200 ||   702
Dodge: Dodged            |    83 |    21 |   136 |   137 |   150 ||   527
